Map: Daybreak LE (Void)

Players

Gemini

  • Race: Protoss Protoss
  • League: Master
  • Spawn Location: 1:00

A.I. 1 (Very Easy) - Winner!

  • Race: Zerg Zerg
  • Spawn Location: 7:00

VOD

https://youtu.be/oWJn015jbl4

Description

Time

  • Played on: Jan. 24, 2017, 10:14 a.m.
  • Length: 9:38
Show
View Real Time Build Order
Export as new Build Order

Gemini Protoss 

Build Orders: 1 Gate Expand 

Get SALT Encoding   

  12  0:01  Probe (Chrono Boost)  
  13  0:11  Probe (Chrono Boost)  
  14  0:18  Pylon  
  14  0:23  Probe (Chrono Boost)  
  15  0:36  Probe (Chrono Boost)  
  15  0:38  Gateway  
  16  0:47  Probe (Chrono Boost)  
  16  0:49  Assimilator  
  17  0:57  Probe (Chrono Boost)  
  18  1:08  Probe (Chrono Boost)  
  19  1:22  Nexus  
  20  1:25  Probe (Chrono Boost)  
  20  1:35  Cybernetics Core  
  20  1:40  Probe (Chrono Boost)  
  20  1:47  Assimilator  
  21  1:50  Probe (Chrono Boost)  
  22  1:57  Pylon  
  23  2:01  Probe (Chrono Boost)  
  23  2:04  Warp Gate  
  23  2:12  Adept  
  26  2:17  Probe (Chrono Boost)  
  26  2:22  Twilight Council  
  26  2:29  Probe (Chrono Boost)  
  27  2:35  Probe (Chrono Boost)  
  27  2:36  Adept  
  28  2:41  Probe (Chrono Boost)  
  31  2:45  Probe (Chrono Boost)  
  31  2:46  Resonating Glaives  
  32  2:53  Probe (Chrono Boost)  
  32  2:57  Probe (Chrono Boost)  
  34  3:03  Adept  
  37  3:05  Probe (Chrono Boost)  
  37  3:11  Gateway  
  37  3:18  Gateway  
  37  3:23  Probe (Chrono Boost)  
  37  3:24  Probe (Chrono Boost)  
  39  3:31  Adept  
  41  3:36  Probe (Chrono Boost)  
  41  3:38  Probe (Chrono Boost)  
  41  3:39  Pylon  
  45  3:48  Probe (Chrono Boost)  
  45  3:50  Probe (Chrono Boost), Stargate  
  45  3:52  Stargate  
  45  4:01  Probe x2 (Chrono Boost)  
  47  4:09  Adept x2  
  51  4:12  Adept  
  51  4:14  Pylon  
  51  4:16  Assimilator  
  53  4:18  Assimilator  
  53  4:20  Probe (Chrono Boost)  
  54  4:27  Pylon  
  54  4:32  Probe (Chrono Boost)  
  54  4:34  Probe (Chrono Boost)  
  54  4:35  Phoenix  
  54  4:36  Phoenix  
  56  4:44  Probe (Chrono Boost)  
  62  4:46  Probe (Chrono Boost)  
  62  4:51  Pylon  
  62  4:56  Probe (Chrono Boost)  
  62  4:57  Phoenix  
  62  4:58  Probe (Chrono Boost), Phoenix  
  68  5:09  Probe (Chrono Boost)  
  68  5:10  Probe (Chrono Boost)  
  70  5:18  Nexus  
  70  5:21  Pylon  
  70  5:23  Probe x2 (Chrono Boost)  
  70  5:25  Phoenix  
  70  5:28  Phoenix  
  76  5:39  Mothership Core (Chrono Boost)  
  76  5:40  Probe (Chrono Boost)  
  76  5:41  Pylon  
  79  5:48  Phoenix  
  79  5:49  Phoenix  
  79  5:53  Probe (Chrono Boost)  
  84  5:58  Pylon  
  84  5:59  Probe (Chrono Boost)  
  86  6:04  Assimilator  
  86  6:05  Probe (Chrono Boost)  
  86  6:08  Assimilator  
  87  6:11  Probe (Chrono Boost)  
  87  6:15  Phoenix x2  
  87  6:17  Probe (Chrono Boost)  
  88  6:23  Probe (Chrono Boost)  
  93  6:26  Pylon  
  93  6:29  Probe (Chrono Boost)  
  94  6:36  Probe (Chrono Boost)  
  94  6:38  Robotics Facility  
  96  6:40  Probe (Chrono Boost)  
  96  6:41  Probe (Chrono Boost)  
  96  6:42  Forge  
  98  6:48  Probe (Chrono Boost)  
  98  6:52  Probe (Chrono Boost), Pylon  
  98  6:53  Probe (Chrono Boost)  
  100  6:59  Templar Archives  
  100  7:00  Probe (Chrono Boost)  
  101  7:03  Probe (Chrono Boost)  
  101  7:05  Probe (Chrono Boost)  
  101  7:08  Charge, Zealot x3  
  107  7:12  Probe (Chrono Boost), Protoss Ground Weapons Level 1  
  107  7:13  Probe (Chrono Boost)  
  107  7:14  Gateway  
  111  7:17  Probe (Chrono Boost), Gateway x2  
  112  7:23  Observer  
  113  7:31  Pylon  
  113  7:33  Sentry  
  113  7:34  Zealot x2  
  113  7:35  Psionic Storm  
  119  7:43  Warp Prism  
  119  7:44  Gateway  
  119  7:46  Gateway  
  121  7:54  Pylon  
  121  7:59  Pylon x2  
  121  8:03  High Templar x2  
  121  8:04  High Templar  
  127  8:14  High Templar  
  127  8:15  Zealot, High Templar  
  127  8:16  Pylon  
  133  8:27  Gateway  
  133  8:29  Archon, Gateway  
  133  8:32  Gateway  
  133  8:36  Gateway  
  133  8:37  Pylon  
  133  8:39  High Templar  
  133  8:40  High Templar, Pylon  
  133  8:41  Zealot x2  
  141  8:42  Pylon  
  141  8:43  Nexus  
  141  8:45  Pylon  
  141  8:47  Pylon  
  141  8:48  Zealot, High Templar x2  
  145  8:49  Zealot  
  145  8:52  Archon  
  149  8:58  Probe x3 (Chrono Boost)  
  152  9:04  Assimilator  
  152  9:09  Assimilator  
  152  9:11  Photon Cannon  
  152  9:12  Zealot x3  
  152  9:13  Photon Cannon, High Templar  
  152  9:14  High Templar  
  162  9:18  Archon  
  162  9:23  Zealot  
  162  9:24  Zealot x2  
  168  9:29  Fleet Beacon  
  168  9:36  Zealot x2  
Show
View Real Time Build Order
Export as new Build Order

A.I. 1 (Very Easy) Zerg - Winner!

Build Orders: Pool First 

Get SALT Encoding   

  12  0:01  Drone  
  13  0:12  Overlord  
  13  0:17  Drone  
  14  0:35  Spawning Pool  
  13  0:36  Extractor  
  13  0:40  Drone  
  13  0:47  Drone  
  14  0:52  Overlord  
  14  1:22  Zergling x2  
  14  1:24  Queen  
  17  1:33  Roach Warren  
  17  1:34  Extractor  
  17  1:38  Drone  
  16  1:45  Drone  
  17  1:51  Zergling x2  
  18  2:05  Drone  
  19  2:12  Drone  
  20  2:21  Drone, Zergling x2  
  22  2:30  Overlord  
  22  2:36  Drone  
  23  2:43  Drone  
  24  2:50  Roach, Drone  
  27  4:44  Zergling x2  
  27  5:51  Zergling x2  
  28  6:00  Queen  
  28  6:06  Overlord  
  28  6:09  Drone  
  26  6:22  Overlord  
  26  6:37  Overlord  
  25  6:56  Roach, Drone, Overlord  
  28  7:06  Overlord  
  28  7:17  Drone  
  29  7:33  Drone  
  29  7:34  Lair, Overlord  
  29  7:35  Roach  
  32  7:40  Drone  
  32  7:43  Hatchery  
  32  7:48  Drone  
  33  7:55  Drone  
  31  8:13  Zergling x2  
  28  8:34  Overseer  
  28  8:35  Overseer  
  28  8:51  Roach  
  30  8:56  Drone  
  31  9:03  Drone  
  31  9:04  Extractor  
  31  9:08  Extractor  
  30  9:10  Drone  
  31  9:17  Drone  
  32  9:24  Drone  
Tags
 
Add a new tag
Caveats
  • Supply blocks, unpowered buildings, or Contaminate may cause inaccurate times.
  • Supply counts are checked every 10 seconds.